 Dungeon Crawl Stone Soup version 0.28.0-53-g5a82cb258f (webtiles) character file.

Game seed: 17151222535104434884

52 Tirrikindir the Ducker (level 3, 0/26 HPs)
             Began as an Octopode Fighter on Aug 16, 2022.
             Hit by a goblin thrown by Robin (3 damage)
             ... on level 2 of the Dungeon.
             The game lasted 00:04:14 (2251 turns).

Tirrikindir the Ducker (Octopode Fighter)           Turns: 2251, Time: 00:04:15

Health: 0/26       AC:  1    Str: 15    XL:     3   Next: 85%
Magic:  3/3        EV: 13    Int: 10    God:
Gold:   95         SH:  4    Dex: 13    Spells: 2/2 levels left

rFire   . . .      SeeInvis .   a - +0 long sword
rCold   . . .      Faith    .   b - +0 buckler
rNeg    . . .      Spirit   .   (helmet restricted)
rPois   .          Reflect  .   (no amulet)
rElec   .          Harm     .   (no ring)
rCorr   .          Rampage  .   (no ring)
Will    .....                   (no ring)
Stlth   +++.......              (no ring)
HPRegen 0.08/turn               (no ring)
MPRegen 0.08/turn               (no ring)
                                (no ring)
                                (no ring)

@: no status effects
A: almost no armour, amphibious, 8 rings, camouflage 1, gelatinous body 1,
(nimble swimmer 1), tentacles
a: no special abilities


You were on level 2 of the Dungeon.
You visited 1 branch of the dungeon, and saw 2 of its levels.

You collected 95 gold pieces.

Inventory:

Hand Weapons
 a - a +0 long sword (weapon)
Armour
 b - a +0 buckler (worn)
Scrolls
 d - 2 scrolls of fear
 e - 2 scrolls of identify
 f - a scroll of enchant armour
 i - a scroll of teleportation {unknown}
Potions
 c - a potion of might
 g - 3 potions of curing
 h - a potion of brilliance
 j - a potion of berserk rage {unknown}


   Skills:
 + Level 3.2 Fighting
 * Level 2.8 Long Blades
 + Level 3.3 Dodging
 + Level 1.9 Stealth
 + Level 3.3 Shields


You had 2 spell levels left.
You didn't know any spells.
Your spell library contained the following spells:

 Spells                   Type           Power      Damage    Failure   Level
 Ensorcelled Hibernation  Hex/Ice        0%         N/A       58%         2
 Spider Form              Tmut/Pois      0%         N/A       83%         3
 Anguish                  Hex/Necr       0%         N/A       99%         4


Dungeon Overview and Level Annotations

Branches:
Dungeon (2/15)

Altars:

Annotations:
D:2 Robin


Innate Abilities, Weirdness & Mutations

You cannot wear most types of armour.
You are amphibious.
You can wear up to eight rings at the same time.
Your skin changes colour to match your surroundings (Stealth+).
Your rubbery body absorbs attacks. (AC +1, EV +1)
((You are camouflaged when in or above water. (Stealth+)))
You have tentacles for arms and can constrict up to eight enemies at once.


Message History

A goblin comes into view. It is wielding a +0 club.
You barely miss the goblin.
The hobgoblin shouts!
Your grab misses the goblin.
Your tentacle-slap misses the goblin.
A goblin comes into view. It is wielding a +0 club.
The goblin barely misses you. The goblin hits you with a +0 club.
A goblin comes into view. It is wielding a +0 club.
You closely miss the goblin. You grab the goblin. You constrict the goblin.
A goblin comes into view. It is wielding a +0 club.
The goblin hits you with a +0 dagger. The goblin closely misses you.
Robin points. "Kill!"
Robin throws the goblin at you!
You barely miss the goblin. You squeeze the goblin.
You kill the goblin!
The goblin misses you. The goblin closely misses you.
Robin throws the goblin at you! The goblin closely misses you.
You barely miss the goblin. Your grab misses the goblin.
You squeeze the goblin.
You kill the goblin!
A goblin comes into view. It is wielding a +0 club.
The goblin misses you. The goblin hits you with a +0 club.
The goblin hits you but does no damage. The goblin closely misses you.
The goblin hits you with a +0 club.
Things that are here:
a +0 club; a +0 club; a goblin corpse You miss the goblin.
Your grab misses the goblin. The goblin hits you with a +0 dagger.
Robin roars a battlecry!
The goblins go into a battle-frenzy!
You barely miss the goblin. Your grab misses the goblin.
Robin roars a battlecry!
The hobgoblin goes into a battle-frenzy!
The goblin barely misses you. Robin throws the goblin at you!
The goblin hits you with a +0 club.
You barely miss the goblin. Your grab misses the goblin.
The goblin hits you with a +0 dagger. The goblin misses you.
The goblin hits you with a +0 dagger.
* * * LOW HITPOINT WARNING * * *
Robin throws the goblin at you!
You die...

#.#.# ####...##.#
.#..# #...###.#
.#.## #.### #.#
.#.# #.# #.# .# #
# #.# #.# .# #.
#.#####.# #.#
#.### #.......#
.##
#g.g#####..######
##
#####.#g)g@g...#
#
...g.g..###g##<#
...###### #.##.#
#.##.# #.##.#
#.##.# #.##.# #.#
.#


You could see Robin, 2 hobgoblins and 5 goblins.

Vanquished Creatures
  A worm (D:2)
  2 giant cockroaches
  8 goblins
  7 hobgoblins
  4 jackals
  3 quokkas (D:2)
  3 ball pythons
  3 bats (D:1)
  3 frilled lizards
  5 kobolds
  6 rats
45 creatures vanquished.

Notes
Turn   | Place    | Note
-------+----------+-------------------------------------------
     0 | D:1      | Tirrikindir the Octopode Fighter began the quest for the
                  | Orb.
     0 | D:1      | Reached XP level 1. HP: 16/16 MP: 1/1
    37 | D:1      | You fall into a shaft and drop 1 floor!
   176 | D:2      | Reached XP level 2. HP: 19/21 MP: 2/2
   312 | D:1      | Reached skill level 1 in Stealth
  1254 | D:1      | Reached XP level 3. HP: 26/26 MP: 3/3
  1733 | D:2      | Found a faded altar of an unknown god.
  2239 | D:2      | Noticed Robin
  2251 | D:2      | Hit by a goblin thrown by Robin

Illustrated notes

Levels and vault maps discovered:
D:1:      dpeg_arrival_radiant, layout_basic
D:2:      layout_loops_ring, shapermc_ecumenical_altar_starsandcircs,
          minmay_cupped, uniq_robin, uniq_crazy_yiuf_cottage, uniq_natasha

Skill      XL: |  1  2 |
---------------+-------+-----
Stealth        | 1 |  1.9
Fighting       | |  3.2
Long Blades    | |  2.8
Dodging        | |  3.3
Shields        | |  3.3

Action                   || total
-------------------------++-------
Melee: Long sword        ||    87
       Constrict         ||    23
       Tentacles         ||    11
       Punch             ||     1
  Use: Scroll            ||     4
 Stab: Sleeping          ||    11
Armor: Skin              ||     4
Dodge: Dodged            ||    52
Block: Buckler           ||    17
